Map: Newkirk Precinct TE (Void)

Players

Hashslinging - Winner!

  • Race: Terran Terran
  • League: Diamond
  • Spawn Location: 7:00

LonelySpork

  • Race: Zerg Zerg
  • Spawn Location: 5:00

VOD

Have the link to the VOD?

Description

Time

  • Played on: April 28, 2017, 5:35 a.m.
  • Length: 8:43
Show
View Real Time Build Order
Export as new Build Order

Hashslinging Terran - Winner!

Build Orders:  

Get SALT Encoding   

  12  0:01  SCV  
  13  0:13  SCV  
  14  0:18  Supply Depot  
  14  0:27  SCV  
  15  0:40  SCV  
  15  0:42  Barracks  
  16  0:47  Refinery  
  16  0:52  SCV  
  17  0:57  Refinery  
  17  1:04  SCV  
  18  1:16  SCV  
  19  1:30  Supply Depot  
  19  1:32  SCV  
  20  1:35  Factory  
  20  1:44  SCV  
  21  1:52  Marine  
  22  1:59  Factory  
  22  2:02  SCV  
  23  2:09  Marine  
  24  2:21  Orbital Command  
  24  2:23  Factory Reactor  
  24  2:27  Marine  
  25  2:35  Supply Depot  
  25  2:44  Factory Reactor  
  25  2:45  Marine  
  25  2:50  SCV  
  27  3:02  SCV  
  27  3:03  Marine  
  32  3:19  Command Center  
  29  3:21  Marine  
  29  3:22  Cyclone  
  33  3:31  SCV  
  34  3:36  Cyclone  
  34  3:38  Marine  
  38  3:44  SCV  
  39  3:54  Supply Depot  
  39  4:08  Supply Depot  
  39  4:16  SCV, Marine, Cyclone  
  44  4:18  Supply Depot  
  44  4:28  SCV  
  45  4:32  Cyclone  
  45  4:34  Marine  
  49  4:41  SCV  
  49  4:43  Supply Depot  
  50  4:51  Marine  
  51  4:53  SCV, Cyclone x2  
  51  4:56  SCV  
  59  5:05  SCV  
  60  5:13  Orbital Command  
  60  5:14  Marine  
  60  5:17  Cyclone  
  60  5:19  SCV  
  65  5:31  Engineering Bay  
  65  5:32  Marine  
  65  5:34  Cyclone  
  69  5:45  Cyclone x2  
  69  5:49  Refinery  
  75  5:50  Marine  
  76  6:01  Refinery, SCV  
  76  6:02  SCV  
  78  6:08  Marine  
  79  6:13  SCV  
  79  6:14  SCV  
  79  6:16  Cyclone  
  84  6:25  SCV, Marine  
  84  6:28  Cyclone  
  86  6:33  SCV  
  86  6:38  SCV  
  86  6:39  Cyclone  
  86  6:56  Marine  
  86  6:57  SCV  
  86  7:08  SCV  
  86  7:19  Marine  
  86  8:10  SCV  
Show
View Real Time Build Order
Export as new Build Order

LonelySpork Zerg 

Build Orders: Hatch First 

Get SALT Encoding   

  12  0:03  Drone  
  13  0:17  Overlord  
  13  0:19  Drone  
  14  0:42  Drone x3  
  17  0:58  Hatchery  
  17  1:03  Drone  
  17  1:06  Drone  
  17  1:10  Extractor  
  18  1:18  Drone  
  18  1:28  Spawning Pool  
  17  1:36  Drone  
  18  1:40  Drone  
  19  2:06  Overlord, Drone  
  20  2:16  Queen  
  20  2:17  Metabolic Boost  
  20  2:18  Queen  
  20  2:20  Drone  
  20  2:22  Zergling x2  
  26  2:23  Zergling x2  
  27  2:35  Drone  
  27  2:36  Drone  
  29  2:46  Drone x2  
  29  2:49  Drone  
  32  2:51  Overlord  
  32  3:20  Drone  
  32  3:21  Overlord, Drone x2  
  32  3:23  Overlord  
  35  3:30  Roach Warren  
  33  4:02  Zergling x6  
  35  4:05  Drone x4  
  39  4:15  Lair  
  39  4:34  Hatchery  
  38  4:39  Roach x2  
  38  4:40  Roach  
  38  4:43  Baneling Nest  
  43  4:49  Queen  
  43  4:52  Roach  
  47  4:55  Extractor  
  47  4:59  Extractor  
  45  5:00  Drone x12  
  57  5:26  Roach  
  57  5:28  Overlord x3  
  59  5:29  Overlord  
  59  5:43  Zergling x2  
  59  5:44  Overlord x2  
  60  5:51  Spine Crawler  
  60  5:54  Spore Crawler  
  60  5:55  Extractor  
  54  6:01  Roach x9  
  68  6:15  Zergling x2  
  68  6:16  Zergling x4  
  71  6:29  Zergling x12  
  61  6:35  Zergling x2  
  61  6:36  Zergling x2  
Tags
 
Add a new tag
Caveats
  • Supply blocks, unpowered buildings, or Contaminate may cause inaccurate times.
  • Supply counts are checked every 10 seconds.